 Dungeon Sprint DCSS version 0.19-a0-459-gb8ed64d (webtiles) character file.

3720 Kidiri the Destroyer (level 10, 0/63 HPs)
             Began as a Gargoyle Fire Elementalist on June 2, 2016.
             Was a High Priest of Vehumet.
             Slain by Oxajaton the pandemonium lord (1 damage)
             ... in the Dungeon (Sprint V: "Ziggurat Sprint").
             The game lasted 00:09:44 (902 turns).

Kidiri the Destroyer (Gargoyle Fire Elementalist)    Turns: 902, Time: 00:09:44

Health: 0/63       AC: 16    Str: 13    XL:     10   Next: 14%
Magic:  4/32       EV:  7    Int: 32    God:    Vehumet [*****.]
Gold:   0          SH: 28    Dex: 10    Spells: 7 memorised, 5 levels left

rFire  . . .     SeeInvis .     H - +5 demon whip
rCold  + + .     Gourm    .     m - +4 robe "Plog" {Int+2}
rNeg   + + +     Faith    .     I - +18 shield of the Gong {rElec rN+ MR+ EV-5}
rPois  ∞         Spirit   .     (no helmet)
rElec  +         Dismiss  .     (no cloak)
rCorr  .         Reflect  .     (no gloves)
SustAt +         Harm     .     G - +1 pair of boots "Hunobot" {MP+9}
MR     +....     NoTele   +     K - macabre finger necklace {rN+}
Stlth  ++........               B - +6 ring of intelligence
                                A - +6 ring of intelligence
                                a - ring of Megalomania {SustAt +Blink rC++}

@: studying Air Magic, repel missiles, somewhat resistant to hostile
enchantments, unstealthy
A: negative energy resistance 1, electricity resistance, unbreathing,
petrification resistance, rot immunity, AC +7
a: Renounce Religion, Evoke Blink


You were in the Dungeon.
You worshipped Vehumet.
Vehumet was extremely pleased with you.
You were very full.

You visited 1 branch

Inventory:

Hand Weapons
 H - a +5 demon whip (weapon)
Armour
 m - the +4 robe "Plog" (worn) {Int+2}
   (You found it in the Dungeon)

   It affects your intelligence (+2).
 E - a +3 buckler
 F - a +3 large shield
 G - the +1 pair of boots "Hunobot" (worn) {MP+9}
   (You found it in the Dungeon)

   It affects your magic capacity (+9).
 I - the +18 shield of the Gong (worn) {rElec rN+ MR+ EV-5}
   (You found it in the Dungeon)

   It affects your evasion (-5).
   It insulates you from electricity.
   It protects you from negative energy.
   It affects your resistance to hostile enchantments.
 J - a +3 leather armour of cold resistance
Jewellery
 a - the ring of Megalomania (on amulet) {SustAt +Blink rC++}
   (You took it off an orc priest in the Dungeon)

   [ring of sustain attributes]

   It sustains your strength, intelligence and dexterity.
   It greatly protects you from cold.
   It lets you blink.
 A - a +6 ring of intelligence (left hand)
 B - a +6 ring of intelligence (right hand)
 K - the macabre finger necklace (around neck) {rN+}
   (You found it in the Dungeon)

   [amulet of nothing]

   It protects you from negative energy.
 M - the ring of Ascent {MR+ Dex+4}
   (You found it in the Dungeon)

   [ring of protection from magic]

   It affects your dexterity (+4).
   It affects your resistance to hostile enchantments.
Wands
 y - a wand of disintegration (7/24)
 z - a wand of iceblast (5/15)
 C - a wand of lightning (5/15)
 D - a wand of acid (5/15)
Scrolls
 i - 4 scrolls of blinking
 p - 4 scrolls of amnesia
 q - 3 scrolls of recharging
 r - 7 scrolls of fog
 s - a scroll of holy word
 t - 5 scrolls of identify
 u - 5 scrolls of remove curse
 v - 2 scrolls of fear
Potions
 d - 9 potions of curing
 e - 8 potions of heal wounds
 f - 6 potions of haste
 g - 7 potions of magic
 h - a potion of berserk rage
 j - 2 potions of brilliance
 k - 2 potions of invisibility
 l - 4 potions of resistance
 n - 5 potions of agility
 o - 5 potions of might
Books
 b - a book of Flames

   Spells                             Type                      Level
   a - Flame Tongue                   Conjuration/Fire             1
   b - Throw Flame                    Conjuration/Fire             2
   c - Conjure Flame                  Conjuration/Fire             3
   d - Inner Flame                    Hexes/Fire                   3
   e - Sticky Flame                   Conjuration/Fire             4
   f - Fireball                       Conjuration/Fire             5
 L - a manual of Air Magic
Comestibles
 c - 5 bread rations
 w - 31 fruits
 x - 4 meat rations


   Skills:
 + Level 7.4 Fighting
 + Level 6.6 Maces & Flails
 + Level 7.4 Armour
 + Level 5.8 Dodging
 - Level 2.1 Stealth
 + Level 7.3 Shields
 * Level 9.0 Spellcasting
 * Level 10.5 Conjurations
 * Level 10.0 Fire Magic
 * Level 0.0 Air Magic
 + Level 6.1 Evocations


You had 5 spell levels left.
You knew the following spells:

 Your Spells              Type           Power        Failure   Level  Hunger
a - Flame Tongue          Conj/Fire      #####        1%          1    None
b - Throw Flame           Conj/Fire      ######       1%          2    None
c - Sticky Flame          Conj/Fire      ######..     1%          4    None
d - Fireball              Conj/Fire      ######....   1%          5    ###....
e - Inner Flame           Hex/Fire       #####...     1%          3    None
f - Lightning Bolt        Conj/Air       #####.....   9%          5    ###....
g - Repel Missiles        Chrm/Air       ##....       17%         2    None


Dungeon Overview and Level Annotations

Branches:
Dungeon (1/1)

Altars:
Ashenzari
Cheibriados
Dithmenos
Elyvilon
Fedhas
Gozag
Hepliaklqana
Kikubaaqudgha
Makhleb
Nemelex Xobeh
Okawaru
Pakellas
Qazlal
Ru
Sif Muna
Trog
Uskayaw
Vehumet
Xom
Yredelemnul
Zin
The Shining One
Beogh
Jiyva
Lugonu


Innate Abilities, Weirdness & Mutations

You are resistant to torment.
Your stone body is resilient. (AC +7)
You are immune to poison.
You resist negative energy. (rN+)
You are resistant to electric shocks. (rElec)
You can survive without breathing.
You are immune to petrification.
You are immune to rotting.


Message History

GONNNNG!
You block the smoke demon's attack.
GONNNNG!
Unknown command.
You feel much better.
You are engulfed in a cloud of scalding steam.
You block Oxajaton's attack.
SHROANNG!
You block the smoke demon's attack.
GONNNNG!
You block the smoke demon's attack.
SHROANNG!
The smoke demon hits you but does no damage. x2
You block the smoke demon's attack.
PTOANNNG!
The smoke demon barely misses you. Oxajaton hits you!!!
Ouch! That really hurt!
* * * LOW HITPOINT WARNING * * *
Oxajaton freezes you.
You die...

▓..:=}..▓
▓..|[}..▓
▓.......▓
▓.......▓
▓.......▓
...53..
▓.▓3&3▓.▓
▓...@...▓
▓▓▓▓▓▓▓▓▓


You could see Oxajaton, 3 smoke demons and a crimson imp.

Vanquished Creatures
  A deep elf annihilator (D)
  2 deep elf archers (D)
  2 deep elf magi (D)
  An ushabti (D)
  A fire elemental (D)
  A golden eye (D)
  A giant eyeball (D)
  2 wolves (D)
  An earth elemental (D)
  A jelly (D)
  A quasit (D)
  An orc priest (D)
  2 orc wizards (D)
  A mummy (D)
  A shadow imp (D)
  A white imp (D)
  2 oozes (D)
  2 adder skeletons (D)
  An orc (D)
  A bat zombie (D)
26 creatures vanquished.

Vanquished Creatures (others)
  A guardian mummy (D)
1 creature vanquished.

Grand Total: 27 creatures vanquished

Notes
Turn   | Place    | Note
--------------------------------------------------------------
     0 | D        | Kidiri the Gargoyle Fire Elementalist began the quest for the Orb.
     0 | D        | Reached XP level 1. HP: 10/10 MP: 3/3
     0 | D        | Found a blossoming altar of Fedhas.
     0 | D        | Found a snail-covered altar of Cheibriados.
     0 | D        | Found a viscous altar of Jiyva.
     0 | D        | Found a roughly hewn altar of Beogh.
     0 | D        | Found a corrupted altar of Lugonu.
     1 | D        | Found a white marble altar of Elyvilon.
     1 | D        | Found a shimmering altar of Xom.
     3 | D        | Found a deep blue altar of Sif Muna.
     3 | D        | Found a burning altar of Makhleb.
     3 | D        | Found a bloodstained altar of Trog.
     3 | D        | Found an iron altar of Okawaru.
     3 | D        | Found a sparkling altar of Nemelex Xobeh.
     3 | D        | Found a radiant altar of Vehumet.
    63 | D        | Became a worshipper of Vehumet
    68 | D        | Reached skill level 1 in Maces & Flails
    68 | D        | Reached skill level 1 in Shields
    68 | D        | Reached skill level 1 in Evocations
    68 | D        | Reached XP level 2. HP: 17/17 MP: 4/6
    72 | D        | Learned a level 2 spell: Throw Flame
   102 | D        | Entered arena 1.
   102 | D        | Noticed a wolf
   102 | D        | Noticed a wolf
   114 | D        | Killed a wolf
   114 | D        | Reached skill level 5 in Fire Magic
   114 | D        | Reached XP level 3. HP: 9/22 MP: 5/8
   114 | D        | Reached XP level 4. HP: 12/27 MP: 6/10
   119 | D        | Killed a wolf
   119 | D        | Reached skill level 5 in Conjurations
   119 | D        | Reached XP level 5. HP: 14/32 MP: 8/12
   164 | D        | Learned a level 4 spell: Sticky Flame
   170 | D        | Learned a level 5 spell: Fireball
   337 | D        | Entered arena 2.
   337 | D        | Noticed a deep elf annihilator
   337 | D        | Noticed a fire elemental
   344 | D        | Killed a fire elemental
   344 | D        | Reached skill level 5 in Spellcasting
   344 | D        | Reached XP level 6. HP: 38/38 MP: 2/14
   356 | D        | Killed a deep elf annihilator
   356 | D        | Reached * piety under Vehumet
   356 | D        | Offered knowledge of Sandblast by Vehumet.
   356 | D        | Reached skill level 5 in Fighting
   356 | D        | Reached skill level 5 in Maces & Flails
   356 | D        | Reached skill level 5 in Armour
   356 | D        | Reached skill level 5 in Shields
   356 | D        | Reached XP level 7. HP: 45/45 MP: 3/17
   356 | D        | Reached XP level 8. HP: 51/51 MP: 3/18
   369 | D        | Got the +4 robe "Plog" {Int+2}
   403 | D        | Learned a level 3 spell: Inner Flame
   435 | D        | Entered arena 3.
   436 | D        | Reached ** piety under Vehumet
   441 | D        | Got the ring of Megalomania {SustAt +Blink rC++}
   449 | D        | Identified Sif Muna's Reference Book on Cold and the Voyage (You found it in the Dungeon)
   449 | D        | Identified Sif Muna's Reference Book on Cold and the Voyage (You found it in the Dungeon)
   461 | D        | Entered arena 4.
   461 | D        | Noticed a deep elf archer
   461 | D        | Noticed a deep elf mage
   461 | D        | Noticed a deep elf mage
   461 | D        | Noticed a deep elf archer
   465 | D        | Killed a deep elf archer
   465 | D        | Reached skill level 5 in Dodging
   465 | D        | Reached skill level 5 in Evocations
   465 | D        | Reached XP level 9. HP: 40/55 MP: 4/20
   465 | D        | Killed a deep elf mage
   465 | D        | Killed a deep elf archer
   465 | D        | Reached *** piety under Vehumet
   479 | D        | Killed a deep elf mage
   479 | D        | Reached skill level 10 in Conjurations
   676 | D        | Entered arena 5.
   678 | D        | Offered knowledge of Sting by Vehumet.
   681 | D        | Reached **** piety under Vehumet
   713 | D        | Reached XP level 10. HP: 63/63 MP: 17/22
   746 | D        | Entered arena 6.
   770 | D        | Reached skill level 10 in Fire Magic
   785 | D        | Got the +1 pair of boots "Hunobot" {MP+9}
   791 | D        | Reached ***** piety under Vehumet
   795 | D        | Got the ring of Ascent {MR+ Dex+4}
   804 | D        | Learned a level 5 spell: Lightning Bolt
   807 | D        | Learned a level 2 spell: Repel Missiles
   894 | D        | Entered arena 7.
   894 | D        | Noticed a smoke demon
   894 | D        | Noticed Oxajaton the pandemonium lord
   895 | D        | Noticed a smoke demon
   895 | D        | Noticed a smoke demon
   895 | D        | Offered knowledge of Searing Ray by Vehumet.
   902 | D        | HP: 1/63 [Oxajaton the pandemonium lord (39)]
   902 | D        | Slain by Oxajaton the pandemonium lord

Vault maps used:
D:        sprint_v

Skill      XL: |  1  2  3  4  5  6  7  8  9 10 |
---------------+-------------------------------+-----
Fighting       | 2 3 4 5 6 7 |  7.4
Maces & Flails | 1 2 3 5 6 |  6.6
Armour         | 2 3 4 5 6 7 |  7.4
Dodging        | 2 3 4 5 |  5.8
Shields        | 1 2 3 4 5 6 7 |  7.3
Spellcasting   | 3 4 5 7 8 9 |  9.0
Conjurations   | 3 4 5 6 8 9 10 | 10.5
Fire Magic     | 4 5 6 8 9 10 | 10.0
Evocations     | 1 2 3 4 5 6 |  6.1
Stealth        | |  2.1

Action                   |  1- 3 |  4- 6 |  7- 9 | 10-12 || total
-------------------------+-------+-------+-------+-------++-------
Melee: Demon whip        |    10 |    21 |    31 |     9 ||    71
 Cast: Flame Tongue      |     1 |       |     1 |     5 ||     7
       Fireball          |       |       |     5 |     8 ||    13
       Inner Flame       |       |       |     1 |     1 ||     2
       Sticky Flame      |       |       |     1 |     2 ||     3
       Repel Missiles    |       |       |       |     1 ||     1
  Use: Potion            |     2 |     1 |     1 |     2 ||     6
  Eat: Fruit             |       |       |     1 |    10 ||    11
       Chunk             |       |       |     1 |       ||     1
Armor: Robe              |       |     1 |     6 |    11 ||    18
Dodge: Dodged            |     2 |       |     1 |     3 ||     6
Block: Shield            |    21 |    13 |     9 |    38 ||    81
